 Dungeon Crawl Stone Soup version 0.30.1-4-g462c640d31 (webtiles) character file.

Game seed: 11020202079403156561

3922 booth the Protected (level 10, -10/83 HPs)
             Began as an Armataur Fighter on Sept 18, 2023.
             Was a Follower of Hepliaklqana.
             Mangled by a white ugly thing (39 damage)
             ... on level 7 of the Dungeon.
             The game lasted 00:49:31 (7366 turns).

booth the Protected (Armataur Fighter)              Turns: 7366, Time: 00:49:31

Health: -10/83     AC: 18    Str: 27    XL:     10   Next: 1%
Magic:  10/10      EV:  6    Int: 15    God:    Hepliaklqana [*.....]
Gold:   27         SH: 11    Dex:  5    Spells: 9/9 levels left

rFire   + . .        A - +2 flail "Juse" {freeze, rElec rPois Int+5 Dex-5}
rCold   x . .        c - +1 buckler
rNeg    + + .        B - +0 acid dragon scales
rPois   +            (no helmet)
rElec   +            (no cloak)
rCorr   +            o - +2 pair of gloves
SInv    .            k - +1 barding of Qaphe {rElec rN+ rCorr Str+3}
Will    .....        q - amulet of reflection Stlth
                     v - ring of fire
HPRegen 0.33/turn    w - ring of positive energy
MPRegen 0.12/turn

%: reflection, roll
@: no status effects
A: reduced essence, large, rugged brown scales 3, deformed body, armoured tail,
roll, long tongue, awkward tongue
a: Renounce Religion, Recall Ancestor, Ancestor Identity


You were on level 7 of the Dungeon.
You worshipped Hepliaklqana.
Hepliaklqana was aware of your devotion.
You visited 2 branches of the dungeon, and saw 8 of its levels.

You collected 416 gold pieces.
You spent 389 gold pieces at shops.

Inventory:

Hand Weapons
 a - a +2 flail
 t - a +0 war axe of draining
 A - the +2 flail "Juse" (weapon) {freeze, rElec rPois Int+5 Dex-5}
   (You bought it in a shop on level 7 of the Dungeon)

   Int:       It affects your intelligence (+5).
   Dex:       It affects your dexterity (-5).
   rElec:     It insulates you from electricity.
   rPois:     It protects you from poison.
Missiles
 e - 7 boomerangs (quivered)
 n - 13 poisoned darts
Armour
 b - a +0 scale mail
 c - a +1 buckler (worn)
 k - the +1 barding of Qaphe (worn) {rElec rN+ rCorr Str+3}
   (You acquired it on level 5 of the Dungeon)

   Str:       It affects your strength (+3).
   rElec:     It insulates you from electricity.
   rN:        It protects you from negative energy.
   rCorr:     It protects you from acid and corrosion.
 o - a +2 pair of gloves (worn)
 z - a +0 tower shield
 B - +0 acid dragon scales (worn)
Jewellery
 h - an amulet of magic regeneration
 q - an amulet of reflection (around neck)
 u - a ring of wizardry
 v - a ring of fire (left hand)
 w - a ring of positive energy (right hand)
 D - a ring of protection from cold
Wands
 l - a wand of iceblast (4)
 p - a wand of polymorph (12)
 x - a wand of mindburst (10)
 y - a wand of flame (33)
Scrolls
 f - a scroll of magic mapping
 i - a scroll of fog
 j - a scroll of immolation
 r - 3 scrolls of teleportation
 C - 2 scrolls of fear
 E - 3 scrolls of identify
 H - a scroll of poison
Potions
 d - a potion of might
 g - 5 potions of attraction
 m - a potion of magic
 s - a potion of flight
 F - 2 potions of curing
 G - a potion of heal wounds


   Skills:
 + Level 7.1 Fighting
 * Level 7.1 Maces & Flails
 + Level 9.2 Armour
 + Level 8.5 Shields


You had 9 spell levels left.
You didn't know any spells.
Your spell library contained the following spells:

 Spells                   Type           Power      Damage    Failure   Level
 Summon Small Mammal      Summ           0%         N/A       34%         1
 Call Canine Familiar     Summ           0%         N/A       71%         3
 Stone Arrow              Conj/Erth      0%         3d7       71%         3
 Summon Guardian Golem    Hex/Summ       0%         N/A       71%         3
 Animate Armour           Summ/Erth      0%         N/A       98%         4
 Orb of Destruction       Conj           0%         9d5       100%        7
 Spellforged Servitor     Conj/Summ      0%         N/A       100%        7
 Lehudib's Crystal Spear  Conj/Erth      0%         10d2      100%        8


Dungeon Overview and Level Annotations

Branches:
Dungeon (7/15)             Temple (1/1) D:5

Altars:
Cheibriados
Dithmenos
Elyvilon
Fedhas
Gozag
Hepliaklqana
Kikubaaqudgha
Makhleb
Nemelex Xobeh
Okawaru
Qazlal
Ru
Sif Muna
Trog
Uskayaw
Vehumet
Wu Jian
Xom
Yredelemnul
Zin
The Shining One

Shops:
D:1 [   D:5 :   D:7 :*!*

Annotations:
D:6 1 transporter, Cheops's ghost, novice DrSu


Innate Abilities, Weirdness & Mutations

Your life essence is reduced to manifest your ancestor. (-10% HP)
You are completely covered in rugged brown scales. (AC +3, +7% HP)
Armour fits poorly on your strangely shaped body.
You have a long armoured tail.
You roll when moving toward enemies. (Rampage)
Your long tongue fully drains potion bottles. (2x potion effects)
Your tongue gives you trouble enunciating. (1.5x scroll delay)


Message History

You swap places.
You swap places.
You open the door.
There is an open door here.
An orc warrior and a white ugly thing come into view.
Found a transparent shortbow.
The orc warrior shouts!
The white ugly thing gurgles horribly!
You hit the orc warrior but do no damage.
The orc warrior hits you with a +0 battleaxe!
You barely miss the orc warrior. You block the orc warrior's attack.
You hit the orc warrior. You freeze the orc warrior.
The orc warrior is lightly wounded.
The orc warrior hits you with a +0 battleaxe.
You hit the orc warrior but do no damage.
The orc warrior is lightly wounded.
You block the orc warrior's attack.
You closely miss the orc warrior.
The orc warrior is lightly wounded.
You hit the white ugly thing but do no damage.
The white ugly thing headbutts you. The white ugly thing freezes you!!!
You feel a terrible chill!
You hit the white ugly thing but do no damage.
You tail-slap the white ugly thing!
The white ugly thing is moderately wounded.
The white ugly thing headbutts you but does no damage.
You closely miss the white ugly thing.
The white ugly thing is moderately wounded.
The white ugly thing headbutts you but does no damage.
You swap places.
Something headbutts Septima!
Something freezes Septima!
Septima resists.
Something headbutts Septima.
Something freezes Septima!
Septima resists.
Septima is destroyed!
You are too injured to fight recklessly!
You roll towards the white ugly thing!
You completely miss the white ugly thing.
The white ugly thing is moderately wounded.
The white ugly thing headbutts you! The white ugly thing freezes you!!!
You feel a terrible chill!
You die...

##..##..##.##..##................
....#....#.#....#................
###.#.##.#...##.#................
###)).#......##.'..∩........#####
....#.#....#....#.........#.#
..>.#......#....#........##.# ###
###.##..†..#...####'###...#.###..
###..##....#..###u##..##.........
.##...##.....###@#.###.##...###..
....###.....###.###o.##.##..# ###
...##..#..####.## ##.##.#..# ##
..##..#.#..##..# )#.#..# ##.
.##..#...#..#..# #.'..# #..
.#..#..#..#....# #.#..# #.#
.#.#..#.#..#...## ##.#..# #.#
.'#..#...#..#.#.## ##.##..# #.#
.#.#..#.#..#.###.#####.##...###.#


You could see a white ugly thing.

Vanquished Creatures
  Joseph (D:7)
  Maggie (D:7)
  A wraith (D:5)
  3 water moccasins
  An orc warrior (D:7)
  2 ice beasts (D:5)
  3 black bears (D:6)
  2 centaurs
  5 ogres
  A phantom (D:4)
  A kobold brigand (D:7)
  2 bullfrogs
  A scorpion (D:4)
  13 killer bees
  A gnoll bouda (D:4)
  6 orc priests
  6 hounds
  A sleepcap (D:4)
  4 iguanas
  Natasha (twice) (D:4)
  An orc wizard (D:6)
  11 gnolls
  7 adders
  2 shadow imps
  3 white imps (D:6)
  3 worms
  A dart slug (D:2)
  15 orcs
  10 endoplasms
  2 giant cockroaches (D:1)
  2 goblins
  6 hobgoblins
  9 jackals (D:1)
  2 quokkas
  9 ball pythons
  3 bats
  6 frilled lizards
  6 kobolds
  5 rats
160 creatures vanquished.

Vanquished Creatures (others)
  An ancestor (D:7)
1 creature vanquished.

Grand Total: 161 creatures vanquished

Notes
Turn   | Place    | Note
-------+----------+-------------------------------------------
     0 | D:1      | booth the Armataur Fighter began the quest for the Orb.
     0 | D:1      | Reached XP level 1. HP: 19/19 MP: 1/1
    22 | D:1      | Found Bojen's Armour Emporium.
   187 | D:1      | Reached XP level 2. HP: 26/26 MP: 2/2
   302 | D:1      | Reached skill level 4 in Armour
   407 | D:1      | Reached XP level 3. HP: 32/33 MP: 3/3
   948 | D:2      | Reached XP level 4. HP: 26/40 MP: 4/4
  2131 | D:3      | Reached XP level 5. HP: 40/48 MP: 5/5
  2512 | D:4      | Reached skill level 5 in Armour
  2968 | D:4      | Reached XP level 6. HP: 49/55 MP: 6/6
  2993 | D:4      | Noticed Natasha
  2999 | D:4      | Killed Natasha
  3172 | D:4      | Noticed Natasha
  3176 | D:4      | Killed Natasha
  3279 | D:5      | Entered Level 5 of the Dungeon
  3279 | D:5      | Found Unarhuod's Book Boutique.
  3288 | D:4      | Reached skill level 5 in Shields
  3387 | D:5      | Noticed an ice beast
  3408 | D:5      | Killed an ice beast
  3409 | D:5      | Reached XP level 7. HP: 64/64 MP: 7/7
  3571 | D:5      | Noticed a wraith
  3576 | D:5      | Reached skill level 6 in Armour
  3582 | D:5      | Killed a wraith
  3727 | D:5      | Reached skill level 5 in Fighting
  3953 | D:5      | Found a hazy altar of Hepliaklqana.
  3974 | D:5      | Reached XP level 8. HP: 57/72 MP: 8/8
  4019 | D:5      | Became a worshipper of Hepliaklqana the Forgotten
  4301 | D:5      | Found a staircase to the Ecumenical Temple.
  4310 | Temple   | Entered the Ecumenical Temple
  4901 | D:5      | Identified a scroll of acquirement
  4901 | D:5      | Acquired the +1 barding of Qaphe {rElec rN+ rCorr Str+3}
  4925 | D:6      | Reached skill level 7 in Armour
  5157 | D:6      | Reached skill level 5 in Maces & Flails
  5309 | D:6      | Noticed Cheops's ghost (novice DrSu)
  5309 | D:6      | Identified the +7 great mace of the Rattlesnake {elec,
                  | Will+ Int+5}
  5310 | D:6      | Found a transporter.
  5904 | D:6      | Reached XP level 9. HP: 57/80 MP: 9/9
  5915 | D:6      | Reached skill level 8 in Armour
  6107 | D:7      | Found Hugucw Empoj's Book Emporium.
  6107 | D:7      | Found Kasoas's Assorted Antiques.
  6316 | D:7      | Bought a fine flail for 195 gold pieces
  6316 | D:7      | Identified the +2 flail "Juse" {freeze, rElec rPois Int+5
                  | Dex-5} (You bought it in a shop on level 7 of the Dungeon)
  6316 | D:7      | Bought a scroll of identify for 46 gold pieces
  6507 | D:7      | Noticed Maggie
  6528 | D:7      | Killed Maggie
  6703 | D:7      | Noticed Joseph
  6760 | D:7      | Reached skill level 9 in Armour
  6775 | D:7      | Killed Joseph
  7009 | D:7      | Identified the +0 robe of Action {Str+7}
  7031 | D:7      | Reached * piety under Hepliaklqana
  7051 | D:7      | Found Oskuq's General Store.
  7057 | D:7      | Reached XP level 10. HP: 68/83 MP: 10/10
  7064 | D:7      | Bought a scroll of identify for 22 gold pieces
  7064 | D:7      | Bought a scroll of identify for 22 gold pieces
  7148 | D:7      | Found Awinit's Distillery.
  7175 | D:7      | Bought a potion of heal wounds for 65 gold pieces
  7175 | D:7      | Bought a potion of curing for 39 gold pieces
  7354 | D:7      | Noticed a white ugly thing
  7366 | D:7      | Mangled by a white ugly thing

Illustrated notes

Levels and vault maps discovered:
D:1:      spicycebolla_arrival_ecumenical, layout_loops_cross, serial_shops,
          shop
D:2:      layout_basic
D:3:      layout_rooms, hangedman_decor_clover_reticule
D:4:      layout_basic, uniq_natasha
D:5:      layout_rooms, nicolae_overflow_crystal_walls,
          minmay_temple_entry_poolview, serial_shops, nicolae_stop_n_shop_1,
          kennysheep_generic_room_6
D:6:      minmay_spotlight, layout_basic, gammafunk_ghost_smash
D:7:      minmay_the_grid_octo_triangle [minmay_the_grid_octo_thin_diamonds,
          minmay_the_grid_octo_prize_single_spiral,
          minmay_the_grid_octo_tetromino_candy], layout_rooms, serial_shops,
          shop, shop, nicolae_stop_n_shop_2, nicolae_shop_dealshenge, eino_jars,
          uniq_maggie, uniq_joseph
Temple:   mainiacjoe_temple_big_plus

Skill      XL: |  1  2  3  4  5  6  7  8  9 |
---------------+----------------------------+-----
Maces & Flails | 2 3 4 5 7 |  7.1
Armour         | 4 5 6 7 9 |  9.2
Fighting       | 3 4 5 6 7 |  7.1
Shields        | 4 5 6 7 8 |  8.5

Action                     |  1- 3 |  4- 6 |  7- 9 | 10-12 || total
---------------------------+-------+-------+-------+-------++-------
  Melee: Flail             |   123 |   153 |   320 |    11 ||   607
         Tailslap          |    10 |    13 |    31 |     1 ||    55
  Throw: Boomerang         |     3 |     1 |    13 |       ||    17
         Dart              |       |       |     5 |       ||     5
 Invoke: Ancestor Identity |       |       |     1 |       ||     1
    Use: Scroll            |     2 |     8 |     9 |       ||    19
         Potion            |       |     4 |     3 |       ||     7
 Armour: Scale mail        |    54 |    68 |   137 |       ||   259
         Acid dragon scale |       |       |    73 |     3 ||    76
  Dodge: Dodged            |    45 |    34 |    83 |       ||   162
  Block: Buckler           |    24 |    36 |   224 |     2 ||   286
         Reflection        |       |       |     3 |       ||     3
